 Dungeon Crawl Stone Soup version 0.19.1 (webtiles) character file.

228 Ladykiller69 the Insei (level 6, 0/47 HPs)
             Began as a Merfolk Transmuter on Nov 25, 2016.
             Slain by an orc (2 damage)
             ... on level 4 of the Dungeon.
             The game lasted 00:14:13 (4904 turns).

Ladykiller69 the Insei (Merfolk Transmuter)         Turns: 4904, Time: 00:14:13

Health: 0/47       AC:  2    Str: 10    XL:     6   Next: 2%
Magic:  9/9        EV: 14    Int: 14    God:
Gold:   196        SH:  0    Dex: 15    Spells: 2 memorised, 6 levels left

rFire  . . .     SeeInvis .       - Unarmed
rCold  . . .     Gourm    .     b - +0 robe
rNeg   . . .     Faith    .     (no shield)
rPois  .         Spirit   .     (no helmet)
rElec  .         Reflect  .     (no cloak)
rCorr  .         Harm     .     (no gloves)
MR     .....                    (no boots)
Stlth  ++........               (no amulet)
                                (no ring)
                                (no ring)

@: appendage
A: change form in water, swift swim, stealthy swim, horns 2
a: End Transformation


You were on level 4 of the Dungeon.
You were not hungry.
You had grown temporary horns.
You visited 1 branch of the dungeon, and saw 4 of its levels.

You collected 196 gold pieces.

Inventory:

Missiles
 a - 64 arrows
Armour
 b - a +0 robe (worn)
Scrolls
 e - 2 scrolls of immolation
 g - 4 scrolls of identify
 h - a scroll of teleportation
 j - a scroll of remove curse
Potions
 k - 2 potions of degeneration {unknown}
 l - a potion of flight {unknown}
 n - 2 potions of curing {unknown}
 o - a potion of lignification {unknown}
 p - a potion of might {unknown}
Books
 c - a book of Changes

   Spells                             Type                      Level
   a - Beastly Appendage              Transmutation                1
   b - Sticks to Snakes               Transmutation                2
   c - Spider Form                    Transmutation/Poison         3
   d - Ice Form                       Ice/Transmutation            4
   e - Blade Hands                    Transmutation                5
Comestibles
 d - 3 bread rations
 f - 5 meat rations
 i - 2 beef jerkies


   Skills:
 - Level 3.0 Fighting
 + Level 3.6 Dodging
 - Level 1.0 Stealth
 - Level 5.0 Unarmed Combat
 - Level 2.0 Spellcasting
 * Level 4.5 Transmutations


You had 6 spell levels left.
You knew the following spells:

 Your Spells              Type           Power        Failure   Level  Hunger
a - Beastly Appendage     Tmut           ##....       3%          1    ##.....
b - Sticks to Snakes      Tmut           ##......     6%          2    ###....


Dungeon Overview and Level Annotations

Branches:
Dungeon (4/15)
 Temple: D:4-7

Altars:
Ashenzari

Annotations:
D:3 truemonolith's ghost, amateur CeGl


Innate Abilities, Weirdness & Mutations

You revert to your normal form in water.
You are very nimble and swift while swimming.
You are very stealthy in the water. (Stealth+)
You have a pair of horns on your head.


Message History

The orc hits you.
* * * LOW HITPOINT WARNING * * *
The orc misses you. The adder skeleton bites you.
* * * LOW HITPOINT WARNING * * *
The orc wizard closely misses you.
You finish eating.
That meat ration really hit the spot!
As you read the scroll labeled QOIRIDUMIG, it crumbles to dust.
You feel aware of your surroundings.
You sensed 2 altars.
It was a scroll of magic mapping.
The orc hits you.
* * * LOW HITPOINT WARNING * * *
The adder skeleton bites you.
* * * LOW HITPOINT WARNING * * *
The orc misses you. The orc wizard hits you with a dagger.
* * * LOW HITPOINT WARNING * * *
As you read the scroll labeled JAIJIO HUUPPU, it crumbles to dust.
You hear a loud clanging noise!
It was a scroll of noise.
You hear a shout!
The orc hits you.
You die...

*,,,,,,,**#**** #..
*,,,,,,,,*#..,*##..
*****,,,,,,,,*#...##...
*,,,*,,,,,,,,,.........
*+*,,,,,,,,,,,,#####...
*_***,,,,,,,**,*#......
*+*,,,,,,,,,,,,*#.#....
*,,##############.#....
**,#Zo@o...............
*******+#.Z#o#########.#.###
**≈≈≈≈≈**#..#o..........#....
*≈≈≈≈≈≈≈*#>...?..............
*≈≈,,,≈≈*#.##...###########..
*≈≈,_,,,'..*#...# #..
*≈≈,,,≈≈##.*#...# ##.
*≈≈≈≈≈≈≈*#.*#...#***** #.
**≈≈≈≈≈***,*#....,,,,***** #.


You could see an orc wizard, 3 orcs, an adder skeleton and a hound skeleton.

Vanquished Creatures
  3 worker ants
  5 adders
  3 gnolls (D:2)
  An ooze (D:4)
  2 worms (D:2)
  A dart slug (D:3)
  An orc (D:3)
  A ball python (D:3)
  14 bats
  A giant cockroach (D:2)
  3 goblins
  8 hobgoblins
  10 jackals
  7 kobolds
  2 quokkas
  8 frilled lizards
  A jackal skeleton (D:4)
  8 rats
79 creatures vanquished.

Notes
Turn   | Place    | Note
-------+----------+-------------------------------------------
     0 | D:1      | Ladykiller69 the Merfolk Transmuter began the quest for the Orb.
     0 | D:1      | Reached XP level 1. HP: 15/15 MP: 3/3
   303 | D:1      | Reached XP level 2. HP: 18/21 MP: 3/5
   890 | D:2      | Reached XP level 3. HP: 9/27 MP: 4/6
  1173 | D:2      | Reached skill level 4 in Unarmed Combat
  1314 | D:2      | Found a shattered altar of Ashenzari.
  1748 | D:2      | Reached XP level 4. HP: 22/34 MP: 5/7
  2584 | D:3      | Reached XP level 5. HP: 37/41 MP: 6/8
  2794 | D:3      | Noticed truemonolith's ghost (amateur CeGl)
  3529 | D:3      | Learned a level 2 spell: Sticks to Snakes
  3882 | D:4      | Noticed a phantom
  4206 | D:3      | HP: 2/41 [worker ant (8)]
  4209 | D:3      | Reached skill level 1 in Stealth
  4209 | D:3      | Reached skill level 5 in Unarmed Combat
  4864 | D:4      | Reached XP level 6. HP: 37/47 MP: 9/9
  4903 | D:4      | HP: 2/47 [orc wizard/dagger (1)]
  4904 | D:4      | Slain by an orc

Skill      XL: |  1  2  3  4  5 |
---------------+----------------+-----
Dodging        | 3 |  3.6
Transmutations | 3 4 |  4.5
Unarmed Combat | 4 5 |  5.0
Fighting       | 2 3 |  3.0
Stealth        | 1 |  1.0
Spellcasting   | |  2.0

Action                   |  1- 3 |  4- 6 || total
-------------------------+-------+-------++-------
Melee: Unarmed           |   124 |   172 ||   296
       Headbutt          |    22 |    27 ||    49
       Punch             |     1 |     3 ||     4
 Cast: Beastly Appendage |    27 |    32 ||    59
  Use: Scroll            |       |     7 ||     7
       Potion            |       |     2 ||     2
 Stab: Sleeping          |     1 |       ||     1
  Eat: Chunk             |     3 |     9 ||    12
       Meat ration       |       |     1 ||     1
Armor: Robe              |    24 |    47 ||    71
Dodge: Dodged            |   102 |   180 ||   282
